 Dungeon Sprint DCSS version 0.29-a0-284-gf9362112df (webtiles) character file.

Game seed: 13610539593046766779

2 mhtbhm the Skirmisher (level 1, -8/28 HPs)
             Began as a Draconian Berserker on Mar 27, 2022.
             Was a Believer of Trog.
             Killed by nerve-wracking pain
             ... invoked by Jessica
              (14 damage)
             ... in the Dungeon (Sprint III: "The Ten Rune Challenge").
             The game lasted 00:00:06 (62 turns).

mhtbhm the Skirmisher (Draconian Berserker)           Turns: 62, Time: 00:00:07

Health: -8/28      AC:  4    Str: 19    XL:     1   Next: 25%
Magic:  1/1        EV: 12    Int:  7    God:    Trog [**....]
Gold:   10         SH:  0    Dex: 10    Spells: 0/0 levels left

rFire   . . .      SeeInvis .   a - +0 spear
rCold   . . .      Faith    .   (no shield)
rNeg    . . .      Spirit   .   (body armour unavailable)
rPois   .          Reflect  .   (helmet restricted)
rElec   .          Harm     .   (no cloak)
rCorr   .          Rampage  .   (no gloves)
Will    .....      NoTele   +   (no boots)
Stlth   ..........              (no amulet)
HPRegen 0.09/turn               (no ring)
MPRegen 0.07/turn               (no ring)

@: berserking, very quick
A: AC +4, unfitting armour, cold-blooded
a: Renounce Religion, Berserk, Trog's Hand


You were in the Dungeon.
You worshipped Trog.
Trog was pleased with you.
You visited 1 branch You collected 10 gold pieces.

Inventory:

Hand Weapons
 a - a +0 spear (weapon)
Scrolls
 g - a scroll of blinking
Potions
 b - a potion of curing
 c - a potion of heal wounds
 d - a potion of haste
 e - 2 potions of magic
 f - a potion of berserk rage


   Skills:
 + Level 3.6 Fighting
 + Level 3.2 Polearms
 + Level 3.0 Dodging


You couldn't memorise any spells.
You didn't know any spells.
Your spell library was empty.

Dungeon Overview and Level Annotations

Branches:
Dungeon (1/1)

Altars:

Annotations:
D Jessica


Innate Abilities, Weirdness & Mutations

Your plain brown scales are hard. (AC +4)
You cannot fit into any form of body armour.
You are cold-blooded and may be slowed by cold attacks.


Message History

No target in view!
No target in view!
No target in view!
No target in view!
HP restored.
You now have 10 gold pieces.
You open the door.
A rat comes into view.
A rat is nearby!
A rat is nearby!
Jessica the Apprentice Sorceress comes into view.
She is wielding a +0 dagger.
Found a buckler.
Jessica points at you and mumbles some strange words.
Pain shoots through your body!
Ouch! That really hurt!
* * * LOW HITPOINT WARNING * * *
There is an open door here.
A red film seems to cover your vision as you go berserk!
You feel yourself moving faster!
You feel mighty!
Jessica gestures wildly while chanting.
Jessica blinks!
You are too injured to fight recklessly!
You closely miss the rat. The rat bites you.
* * * LOW HITPOINT WARNING * * *
You closely miss the rat. You puncture the rat!
You kill the rat!
Trog accepts your kill.
You can now call upon Trog for regeneration and willpower.
Your Dodging skill increases to level 3!
You closely miss Jessica. Jessica hits you with a +0 dagger.
* * * LOW HITPOINT WARNING * * *
You hit Jessica.
Jessica is severely wounded.
You barely miss Jessica.
Jessica is severely wounded.
Jessica casts a spell at you. Pain shoots through your body!
Ouch! That really hurt!
You die...

▓▓▓▓
▓<.#
▓..#
▓#'####
▓.....#
▓.....#
▓.....#
▓####@#
▓[...@#
▓.....#
▓.....#
▓+#####


You could see Jessica.

Vanquished Creatures
  3 rats (D)
3 creatures vanquished.

Notes
Turn   | Place    | Note
-------+----------+-------------------------------------------
     0 | D        | mhtbhm the Draconian Berserker began the quest for the Orb.
     0 | D        | Reached XP level 1. HP: 19/19 MP: 1/1
    55 | D        | Noticed Jessica
    59 | D        | Reached ** piety under Trog
    62 | D        | Killed from afar by Jessica

Illustrated notes

Levels and vault maps discovered:
D:        dungeon_sprint_mu [sprint_mu_entry_forest, sprint_mu_temple_rooms,
          sprint_mu_d1_spiders, sprint_mu_d2_genie, sprint_mu_d3_branching,
          sprint_mu_orc_legion, sprint_mu_elf_gauntlet, sprint_mu_hive_nellie,
          sprint_mu_lair_fedhas, sprint_mu_vaults_butterflies,
          sprint_mu_slime_circle, sprint_mu_swamp_cave, sprint_mu_snake_twists,
          sprint_mu_blade_basic, sprint_mu_crypt_fortress,
          sprint_mu_tomb_spiral, sprint_mu_vestibule_basic,
          sprint_mu_gehenna_hellfire, sprint_mu_dis_giant,
          sprint_mu_tartarus_statrot, sprint_mu_cocytus_islands, sprint_mu_zot1]

Skill      XL: |  1 |
---------------+----+-----
Dodging        | 3 |  3.0
Fighting       | |  3.6
Polearms       | |  3.2

Action                   || total
-------------------------++-------
Melee: Spear             ||    13
       Tailslap          ||     1
Invok: Berserk           ||     1
 Stab: Sleeping          ||     1
Dodge: Dodged            ||     1

Table legend: (Time is in decaauts)
 A = Elapsed time spent in this place.
 B = Non-inter-level travel time spent in this place.
 C = Inter-level travel time spent in this place.
 D = Time resting spent in this place.
 E = Time spent auto-exploring this place.
 F = Levels seen in this place.
 G = Mean time per level.
                   A        B        C        D        E       F      G
               +--------+--------+--------+--------+--------+-----+--------+
         Total |     59 |     59 |      0 |      0 |     44 |   1 |   59.0 |
       Dungeon |     59 |     59 |      0 |      0 |     44 |   1 |   59.0 |
               +--------+--------+--------+--------+--------+-----+--------+

Top non-repeatable levels by time:
       D: 59 daAuts
